 Dungeon Crawl Stone Soup version 0.20.1-1-g8b1a95d (webtiles) character file.

34 froobite the Shooter (level 3, -1/30 HPs)
             Began as a Minotaur Hunter on July 28, 2017.
             Slain by a leopard gecko (3 damage)
             ... on level 2 of the Dungeon.
             The game lasted 00:13:03 (696 turns).

froobite the Shooter (Minotaur Hunter)               Turns: 696, Time: 00:13:04

Health: -1/30      AC:  5    Str: 18    XL:     3   Next: 14%
Magic:  2/2        EV: 11    Int:  9    God:
Gold:   25         SH:  0    Dex: 10    Spells: 2/2 levels left

rFire    + . .     SeeInvis .   a - +1 shortbow {Fuck}
rCold    . . .     Gourm    .   (shield currently unavailable)
rNeg     . . .     Faith    .   i - +0 ring mail
rPois    .         Spirit   .   (helmet restricted)
rElec    .         Reflect  .   (no cloak)
rCorr    .         Harm     .   (no gloves)
MR       .....     Rnd*Tele +   (no boots)
Stlth    +.........             (no amulet)
Regen    0.1/turn               (no ring)
MPRegen  0.1/turn               (no ring)

@: no status effects
A: retaliatory headbutt, horns 2, fire resistance 1, strong 1, teleportitis 1
a: no special abilities


You were on level 2 of the Dungeon.
You were completely stuffed.

You visited 1 branch of the dungeon, and saw 2 of its levels.

You collected 25 gold pieces.

Inventory:

Hand Weapons
 a - a +1 shortbow (weapon) {Fuck}
 b - a +0 short sword
 f - a +0 dagger
 h - a +0 club
Missiles
 d - 17 arrows (quivered)
 j - 19 poisoned needles
 k - 25 bolts
Armour
 c - a +0 leather armour
 g - a +0 robe
 i - a +0 ring mail (worn)
Scrolls
 e - a scroll of enchant armour {unknown}
Comestibles
 n - a bread ration


   Skills:
 + Level 2.5 Fighting
 + Level 5.1 Bows
 + Level 1.3 Armour
 + Level 2.5 Dodging
 + Level 0.7 Stealth


You had 2 spell levels left.
You didn't know any spells.

Dungeon Overview and Level Annotations

Branches:
Dungeon (2/15)

Altars:

Annotations:
D:2 Terence


Innate Abilities, Weirdness & Mutations

You reflexively headbutt those who attack you in melee.
You have a pair of horns on your head.
Your flesh is heat resistant. (rF+)
Your muscles are strong. (Str +2)
You are occasionally teleported next to monsters.


Message History

The adder bites you but does no damage. The dart slug launches a dart at you.
The slug dart misses you.
You barely miss Terence.
Terence is moderately wounded.
Terence hits you with a mace of crushing.
* * * LOW HITPOINT WARNING * * *
x2 The adder bites you.
* * * LOW HITPOINT WARNING * * *
The leopard gecko closely misses you. You furiously retaliate!
You headbutt the leopard gecko.
The dart slug bites you but does no damage.
Terence barely misses you. The adder bites you but does no damage.
You eat the meat ration.
That meat ration really hit the spot!
The leopard gecko closely misses you. The adder bites you.
* * * LOW HITPOINT WARNING * * *
It was a potion of mutation.
You feel extremely strange.
You feel stronger.
You feel weirdly uncertain.
You feel resistant to heat. The leopard gecko bites you.
You die...

....... ###.......
#.........
#########+####.........
.......<...............
#######.........(......
#.......w@S......
#........@l......
#.......#########
###.##### #.# #.. ####


You could see Terence, an adder, a dart slug and a leopard gecko.

Vanquished Creatures
  An ooze (D:1)
  A dart slug (D:1)
  2 leopard geckos
  2 goblins (D:1)
  A hobgoblin (D:1)
  5 jackals (D:1)
  5 kobolds (D:1)
  5 bats (D:1)
  A frilled lizard (D:1)
  A rat (D:1)
24 creatures vanquished.

Notes
Turn   | Place    | Note
-------+----------+-------------------------------------------
     0 | D:1      | froobite the Minotaur Hunter began the quest for the Orb.
     0 | D:1      | Reached XP level 1. HP: 18/18 MP: 0/0
    65 | D:1      | Reached XP level 2. HP: 10/25 MP: 1/1
   299 | D:1      | Reached skill level 5 in Bows
   299 | D:1      | Reached skill level 1 in Armour
   449 | D:1      | Reached XP level 3. HP: 27/30 MP: 2/2
   684 | D:2      | Noticed Terence
   696 | D:2      | Gained mutation: Your muscles are strong. (Str +2) [potion of mutation]
   696 | D:2      | Gained mutation: You are occasionally teleported next to monsters. [potion of mutation]
   696 | D:2      | Gained mutation: Your flesh is heat resistant. (rF+) [potion of mutation]
   696 | D:2      | Slain by a leopard gecko

Skill      XL: |  1  2 |
---------------+-------+-----
Bows           | 5 |  5.1
Armour         | 1 |  1.3
Fighting       | |  2.5
Dodging        | |  2.5
Stealth        | |  0.7

Action                   || total
-------------------------++-------
Melee: Shortbow          ||    55
       Headbutt          ||    12
 Fire: Shortbow          ||    15
  Use: Potion            ||     2
  Eat: Bread ration      ||     1
       Meat ration       ||     1
       Royal jelly       ||     1
Armor: Leather armour    ||    23
       Ring mail         ||    13
Dodge: Dodged            ||    69
